[Event "*** Titled Tuesday Blitz"]
[Site "Chess.com"]
[Date "2019.01.01"]
[Round "5"]
[White "PenguinPacks"]
[Black "northridgehawk"]
[Result "1-0"]
[WhiteElo "2238"]
[BlackElo "2243"]
[TimeControl "180+2"]
[EndTime "14:12:01 PST"]
[Termination "PenguinPacks won by checkmate"]

1. Nf3 f5 2. Nc3 Nf6 3. d4 g6 4. Bg5 Bg7 5. Bxf6 Bxf6 6. e4 e6 7. h4 d6 8. h5 g5 9. Bd3 g4 10.
Nd2 Bxd4 11. exf5 exf5 12. f3 O-O 13. fxg4 fxg4 14. Bc4+ Kh8 15. Nde4 Nc6 16. Qd3 Be5 17. O-O-O Nd4 18. Kb1 Bf5 19. Nd5 c6 20. Ne3 Qb6 21. c3 Bxe4 22. Qxe4 Ne6 23. Bxe6 Rae8 24. Nc4 Qc5 25.
Qxg4 Rf4 26. Qh3 Rxc4 27. Bxc4 Qxc4 28. Qd3 Qg4 29. Qf3 Qg8 30. Rhf1 a5 31. Qf7 a4 32. Rf3 a3 33. Rdf1 axb2 34. Qxe8 Qxe8 35. Rf8+ Qxf8 36. Rxf8+ Kg7 37. Rf3 b5 38. Kxb2 b4 39. a4 bxa3+ 40. Kxa3 Kh6 41. Rf5 Bxc3 42. g4 Be5 43. Kb3 Kg7 44.
g5 Bg3 45. Kc4 Bh2 46. Rf6 Be5 47. Re6 Bf4 48. Kd4 c5+ 49. Kd5 Bxg5 50. Rxd6 Be3 51.
Ke4 Bg1 52. Kf5 Bd4 53. h6+ Kf7 54. Rd7+ Kg8 55. Ke6 Bg7 56. Rxg7+ Kf8 57. Rc7 c4 58. Rc8# 1-0

[Event "*** Titled Tuesday Blitz"]
[Site "Chess.com"]
[Date "2019.01.01"]
[Round "5"]
[White "Jbd735"]
[Black "Babas"]
[Result "0-1"]
[WhiteElo "2467"]
[BlackElo "2287"]
[TimeControl "180+2"]
[EndTime "14:12:03 PST"]
[Termination "Babas won by resignation"]

1. e4 e5 2. Nf3 Nc6 3. Bb5 a6 4. Ba4 Nf6 5. O-O b5 6. Bb3 Be7 7. Re1 O-O 8. h3 d6 9. c3 h6 10. d4 Re8 11. Nbd2 Bf8 12. Nf1 g6 13. Ng3 Bg7 14. a4 Bb7 15. d5 Nb8 16. axb5 axb5 17. Rxa8 Bxa8 18. Qd3 c6 19. dxc6 Bxc6 20. Rd1 Bf8 21. Nh4 Nxe4 22. Nxg6 Nc5 23. Bxf7+ Kxf7 24. Qf5+ Qf6 25. Qxf6+ Kxf6 26. Nxf8 Rxf8 27. Rxd6+ Ke7 28. Rxh6 Ne6 29. Be3 Nd7 30. b4 Bd5 31. Rh5 Nf4 32.
Bxf4 Rxf4 33. Nf5+ Kf6 34. Ne3 Bc4 35. Rh6+ Ke7 36.
g4 Nf6 37. Rh8 Ne4 38. Rh5 Kd6 39. Rf5 Rxf5 40. Nxf5+ Ke6 41. h4 Nxc3 42. h5 Kf6 43. h6 Kg6 44. g5 Nd5 45. Nh4+ Kh7 46. Nf3 e4 47. Ne5 Bd3 48. Kh2 Nxb4 49. Kg3 Nd5 50.
Kg4 Ne7 51. Kh5 b4 52. g6+ Nxg6 53. Nxg6 b3 54. Nf8+ Kg8 55. h7+ Kg7 56. Ne6+ Kxh7 57. Ng5+ Kg8 0-1

[Event "*** Titled Tuesday Blitz"]
[Site "Chess.com"]
[Date "2019.01.01"]
[Round "5"]
[White "IamSchrodingersCat"]
[Black "mouseWLZ"]
[Result "0-1"]
[WhiteElo "2474"]
[BlackElo "2367"]
[TimeControl "180+2"]
[EndTime "14:12:07 PST"]
[Termination "mouseWLZ won on time"]

1. e4 e6 2. d4 d5 3. Nc3 Nf6 4. Bg5 Bb4 5. e5 h6 6. Bd2 Bxc3 7. bxc3 Ne4 8. Qg4 Kf8 9. Bd3 Nxd2 10. Kxd2 c5 11. h4 Nc6 12. Rh3 c4 13. Bf1 b5 14.
Rg3 Rg8 15. a3 a5 16. Nh3 Rb8 17. Nf4 b4 18. axb4 axb4 19. cxb4 Nxb4 20. Ra7 Bd7 21. Nh5 Nc6 22. Rxd7 Qxd7 23. Nf6 Qa7 24. Nxg8 Qxd4+ 25. Qxd4 Nxd4 26. Nxh6 gxh6 27. Kc3 Nf5 28. Rg4 Rb1 29.
Be2 Re1 30. Kd2 Rh1 31. g3 Ra1 32. Rf4 Ke7 33. Bh5 Rh1 34. Bg4 Ng7 35. Rf6 h5 36. Be2 Ra1 37. Rh6 Ra8 38. Bxh5 d4 39. Rh7 Rg8 40. Bg4 Ne8 41. Bh5 Ng7 42. Bg4 Ne8 43. Bf3 Nc7 44. h5 Na6 45. h6 Nc5 46. Rg7 c3+ 47.
Kd1 Rh8 48. Bh5 Rxh6 49. Rxf7+ Kd8 50. Bf3 Nd7 51. Rf4 Nxe5 52. Rxd4+ Ke7 53. Be4 Rh2 54. Ke1 Ng4 55. f4 Ne3 56. Rb4 Kf6 57. Rb3 Nxc2+ 58. Bxc2 Rxc2 59. Rb4 Rg2 0-1

[Event "*** Titled Tuesday Blitz"]
[Site "Chess.com"]
[Date "2019.01.01"]
[Round "5"]
[White "TST2014"]
[Black "Anahita_Gholami"]
[Result "1-0"]
[WhiteElo "2492"]
[BlackElo "2685"]
[TimeControl "180+2"]
[EndTime "14:12:07 PST"]
[Termination "TST2014 won by resignation"]

1. d4 Nf6 2. c4 e6 3. Nf3 d5 4.
Nc3 dxc4 5. e3 a6 6. a4 b6 7.
Bxc4 Bb7 8. O-O Nbd7 9. Qe2 c5 10. Rd1 Bd6 11. e4 cxd4 12. Nxd4 Qc7 13. g3 Bb4 14.
Bxe6 fxe6 15. Nxe6 Qc6 16. Nd5 Bc5 17. Nxg7+ Kf7 18. Nf5 Rae8 19. b4 Rxe4 20. Qf3 Ne5 21. Nh6+ Kg6 22. Qf5+ Kg7 23. bxc5 Qxd5 24. Rxd5 Re1+ 25.
Kg2 Bxd5+ 26. Kh3 Re8 27. Bg5 Be6 28. Bxf6+ Kf8 29. Qxe6 Rxe6 30. Rxe1 Rxf6 31. Rxe5 Rxh6+ 32. Kg2 b5 33. axb5 axb5 34. c6 Rxc6 35. Rxb5 Kg7 36. h4 Kg6 37. g4 Rc4 38. Kg3 h6 39. Rb6+ Kg7 40. f3 Ra4 41. h5 Rc4 42. Re6 Ra4 43.
Re4 Ra5 44. Kf4 Ra3 45. Rb4 Rc3 46. Ke4 Ra3 47. f4 Ra5 48. Rb7+ Kf6 49. Rb6+ Kg7 50. Rg6+ Kh7 51. Re6 Kg7 52. Re5 Ra6 53. g5 hxg5 54. fxg5 Ra1 55. Re7+ Kf8 56. Rb7 Rf1 57. Ke5 Kg8 58.
h6 Rf2 59. g6 Re2+ 60. Kf4 Rf2+ 61. Kg4 Rg2+ 62. Kf5 Rf2+ 63. Ke4 Re2+ 64. Kf3 Re8 65.
Kf4 Rf8+ 66. Kg5 Ra8 67. h7+ Kh8 68. Kh6 1-0

[Event "*** Titled Tuesday Blitz"]
[Site "Chess.com"]
[Date "2019.01.01"]
[Round "5"]
[White "MateSchmate"]
[Black "GulamaliRises"]
[Result "0-1"]
[WhiteElo "2486"]
[BlackElo "2636"]
[TimeControl "180+2"]
[EndTime "14:12:07 PST"]
[Termination "GulamaliRises won by checkmate"]

1. e4 c5 2. Nf3 d6 3. d4 cxd4 4. Nxd4 Nf6 5. Nc3 e6 6. h3 Nc6 7.
Be3 e5 8. Nb3 Be6 9. Bd3 Be7 10.
O-O O-O 11. Qe2 a5 12. Nd2 d5 13. exd5 Nxd5 14. Nxd5 Bxd5 15. a3 f5 16. f3 Kh8 17.
Bc4 Bf6 18. Rad1 Nd4 19. Bxd4 exd4 20. Bxd5 Qxd5 21. Qd3 a4 22. Nc4 Qc5 23. Rc1 b5 24.
Nd2 Rae8 25. Rfe1 Re3 26. Qf1 Bh4 27. Red1 Rfe8 28. Kh1 Re2 29. Ne4 R2xe4 30. fxe4 fxe4 31. Qf7 Rf8 32. Qe6 e3 33. Rf1 Bf2 34. Qe4 Qc4 35. Kh2 Kg8 36. b3 Qc7+ 37. Kh1 Qd7 38. Rcd1 Re8 39. Qxd4 Qxd4 40. Rxd4 e2 41. Rdd1 exd1=Q 42.
Rxd1 Re1+ 43. Rxe1 Bxe1 44. Kg1 Bc3 45. Kf2 Bb2 46. Ke2 Bxa3 47. Kd3 Bc5 48. bxa4 bxa4 49. Kc4 a3 50. Kb3 Kf7 51. Ka2 Ke6 52. Kb3 Ke5 53. g4 Kf4 54. Ka2 Kg3 55. g5 g6 56. Kb3 Kxh3 57.
Ka2 Kg4 58. c4 Kxg5 59. Kb3 Kf5 60. Ka2 Ke5 61. Kb3 Kd4 62. Ka2 h5 63. Kb3 h4 64.
Ka2 h3 65. Kb3 g5 66. Ka4 g4 67. Kb5 g3 68. Kc6 g2 69. Kd7 h2 70. Ke6 a2 71.
Kf5 a1=Q 72. Ke6 Qa7 73. Kf5 Qf7+ 74. Kg4 g1=Q+ 75. Kh3 Qgf1+ 76. Kg3 Bd6+ 77. Kg4 Qg6+ 78. Kh4 h1=Q# 0-1

[Event "*** Titled Tuesday Blitz"]
[Site "Chess.com"]
[Date "2019.01.01"]
[Round "5"]
[White "pulvettd"]
[Black "VeraNebolsina"]
[Result "1/2-1/2"]
[WhiteElo "2493"]
[BlackElo "2363"]
[TimeControl "180+2"]
[EndTime "14:12:11 PST"]
[Termination "Game drawn by agreement"]

1. d4 Nf6 2. c4 g6 3. Nc3 d5 4. Nf3 Bg7 5. h4 c6 6. cxd5 cxd5 7. Bf4 h5 8. e3 O-O 9. Ne5 Nc6 10. Be2 Nxe5 11.
Bxe5 Ng4 12. Bxg7 Kxg7 13. Qb3 Nf6 14. Bf3 Be6 15. O-O Rb8 16. Rac1 a6 17. Ne2 Ne4 18. Rc2 Qd7 19. Nf4 Rfd8 20. Bxe4 dxe4 21. Nxe6+ Qxe6 22. Qxe6 fxe6 23. Rc5 Rd5 24. Rfc1 Kf6 25. Kh2 Rg8 26. b3 g5 27. hxg5+ Rgxg5 28. Rxd5 exd5 29.
Rc7 Rg6 30. Rxb7 Kf7 31. Rd7 Ke6 32. Rb7 Kf7 33. a4 Rc6 34. b4 Rc2 35. b5 axb5 36. Rxb5 e6 37. Rb3 Ra2 38. Rb7+ Kf6 39. Kg3 Rxa4 40. f3 exf3 41. gxf3 Ra3 42. Kf4 Ra4 43. Rb6 Rc4 44. Ra6 Rb4 45. Kg3 Rb3 46. Kf4 Rb4 47. Rc6 Ra4 48. Kg3 Ra3 49. Kf2 h4 50. e4 dxe4 51.
fxe4 Ra4 52. Ke3 h3 53. Rc2 Kg5 54. Rh2 Ra3+ 55. Kf2 Kf4 56. d5 e5 57. d6 Rd3 58.
d7 Rd2+ 59. Kg1 Rxd7 60. Rxh3 Kxe4 61. Kf2 Rd2+ 62. Ke1 Ra2 63. Rg3 Kf4 64. Rc3 e4 65.
Rb3 Ra1+ 66. Ke2 Ra2+ 1/2-1/2

[Event "*** Titled Tuesday Blitz"]
[Site "Chess.com"]
[Date "2019.01.01"]
[Round "5"]
[White "2165149677570"]
[Black "WinnerOleg"]
[Result "1-0"]
[WhiteElo "2357"]
[BlackElo "2377"]
[TimeControl "180+2"]
[EndTime "14:12:11 PST"]
[Termination "2165149677570 won on time"]

1. d4 Nf6 2. c4 e6 3. Nf3 Bb4+ 4. Bd2 Bxd2+ 5. Qxd2 b6 6. g3 Bb7 7. Bg2 O-O 8. O-O d6 9. Re1 Ne4 10. Qc2 Nd7 11.
Nfd2 Nxd2 12. Bxb7 Rb8 13. Bg2 Nxb1 14. Raxb1 e5 15. e3 c5 16. dxe5 dxe5 17. Rbd1 Qe7 18. Qa4 Nf6 19. Bd5 Rfd8 20. e4 h6 21. Re3 Nd7 22.
Ra3 a5 23. Rb3 Nf8 24. Rdd3 Ne6 25. Bxe6 Qxe6 26. Rd5 f5 27. exf5 Qxf5 28. Re3 Qb1+ 29. Kg2 Qxb2 30. Rdxe5 Rf8 31. Re2 Qd4 32. f4 b5 33. Qxa5 Qxc4 34. Re7 Qd5+ 35. Kg1 Rf7 36. Qc7 Rbf8 37. Rxf7 Rxf7 38. Qb8+ Kh7 39. Qxb5 Qd1+ 40.
Kg2 Qd5+ 41. Kf2 Qd4+ 42. Kf1 Qa1+ 43. Kg2 Qd4 44. Qb1+ g6 45. Qe4 Rd7 46. Qxd4 cxd4 47. Kf3 d3 48. Rd2 Ra7 49. Ke3 Ra3 50. Kd4 h5 51. Kc4 Kh6 52. Kb4 Ra8 53. a4 g5 54.
fxg5+ Kxg5 55. Rxd3 Kg4 56. Rd4+ Kf3 57. a5 Rg8 58. a6 Rg6 59. Kb5 Kg2 60. a7 Rg8 61. Rd5 Kxh2 62. Rxh5+ Kxg3 63. Kb6 Kf4 64. Kb7 Rg7+ 65.
Kb6 Rg6+ 66. Kb5 Rg8 67. Rc5 Ke4 68. Rc7 Kd5 69. Rb7 Ra8 70. Kb6 Kd6 71. Rb8 1-0

[Event "*** Titled Tuesday Blitz"]
[Site "Chess.com"]
[Date "2019.01.01"]
[Round "5"]
[White "Keaton87"]
[Black "CaptainCasanova"]
[Result "0-1"]
[WhiteElo "2518"]
[BlackElo "2741"]
[TimeControl "180+2"]
[EndTime "14:12:13 PST"]
[Termination "CaptainCasanova won by resignation"]

1. Nf3 Nf6 2. c4 c6 3. Nc3 d5 4. e3 e6 5. b3 Nbd7 6. Bb2 Bd6 7.
Qc2 O-O 8. Be2 Qe7 9. O-O b6 10. d4 Bb7 11. Rad1 Rfe8 12. Bd3 h6 13. e4 dxe4 14.
Nxe4 Nxe4 15. Bxe4 Nf6 16. Bd3 c5 17. Qe2 Rad8 18. Rfe1 cxd4 19. Nxd4 Bb4 20. Rf1 Bc5 21. Nf3 Nh5 22. Be5 Nf6 23. h3 Rd7 24. Bc2 Red8 25. Rxd7 Rxd7 26. Rd1 Rxd1+ 27. Qxd1 Ne4 28. Bd4 Bb4 29. Be3 Nc3 30. Qd3 Be4 31. Qd2 Nxa2 32. Qd1 Nc3 33. Qd2 Nd5 34. Qd1 Nxe3 35. fxe3 Bb7 36. Qd3 g6 37. Kf2 Bc5 38. Qc3 a5 39.
Bd3 Qd6 40. Qc2 f5 41. Qc3 f4 42. Bxg6 Bxe3+ 43. Ke2 Qd8 44. Qe5 Bxf3+ 45. Kxf3 Qd1+ 46.
Ke4 Qb1+ 47. Kf3 Qxg6 48. Qb8+ Kh7 49. Qb7+ Kg8 50. Qc8+ Kf7 51. Qc7+ Kf6 52. Qd8+ Kg7 53. Qc7+ Qf7 54. Qe5+ Kg6 55. Qe4+ Qf5 56. Qa8 Bc5 57.
Qg8+ Kh5 58. Qe8+ Kg5 59. Qg8+ Kf6 60. Qd8+ Ke5 61. Qb8+ Kd4 62. Qh8+ e5 63. Qd8+ Kc3 0-1

[Event "*** Titled Tuesday Blitz"]
[Site "Chess.com"]
[Date "2019.01.01"]
[Round "5"]
[White "Rashad_Zeynalli"]
[Black "Nathan_Filgueiras"]
[Result "1/2-1/2"]
[WhiteElo "2420"]
[BlackElo "2339"]
[TimeControl "180+2"]
[EndTime "14:12:16 PST"]
[Termination "Game drawn by agreement"]

1. e4 c5 2. Nf3 Nc6 3. d4 cxd4 4. Nxd4 e5 5. Nb5 d6 6. N1c3 a6 7. Na3 b5 8. Nd5 Nce7 9. c4 Nxd5 10. exd5 bxc4 11.
Nxc4 Nf6 12. Be3 Rb8 13. Qa4+ Qd7 14. Qxd7+ Bxd7 15. Nb6 Bb5 16. a4 Bxf1 17. Rxf1 Be7 18. a5 Bd8 19. f3 Bxb6 20. axb6 Nxd5 21. Bf2 Nxb6 22. Rxa6 Nc8 23. Ra2 Kd7 24. Kd2 Ne7 25. Rb1 Rb3 26. Ra3 Rhb8 27. Rxb3 Rxb3 28. Kc2 Rb7 29. b4 Kc6 30. Kb3 Nd5 31. Kc4 Nb6+ 32. Bxb6 d5+ 33. Kb3 Rxb6 34. Ra1 d4 35. Kc4 Kd6 36.
b5 Rb7 37. Ra6+ Ke7 38. Rc6 Rd7 39. Kd3 f5 40. g4 fxg4 41. fxg4 Rb7 42. b6 Kd7 43.
Rc5 Rxb6 44. Rxe5 Rb2 45. Rh5 h6 46. h3 Rb4 47. Rd5+ Ke6 48. Rxd4 Rb3+ 49. Ke4 Rxh3 50. Ra4 Kf6 51. Kf4 Rb3 52. Ra6+ Kf7 53. Kf5 Rb5+ 54. Kf4 Rc5 55. Rb6 Rd5 56. Ra6 Ke7 57. Ra7+ Rd7 58. Rxd7+ Kxd7 59. Kf5 Ke7 60. Kg6 Kf8 61. g5 hxg5 62. Kxg5 Kf7 63. Kf5 g6+ 64. Kg5 Kg7 65.
Kg4 Kf6 66. Kf4 g5+ 67. Kg4 Kg6 68. Kg3 Kf5 69. Kf3 g4+ 70. Kg3 Kg5 71. Kg2 Kf4 72. Kf2 g3+ 73. Kg2 Kg4 74. Kg1 Kh4 75. Kg2 Kg4 76. Kg1 Kf4 77. Kg2 1/2-1/2

[Event "*** Titled Tuesday Blitz"]
[Site "Chess.com"]
[Date "2019.01.01"]
[Round "5"]
[White "ASVZ"]
[Black "AnonymousBread"]
[Result "1-0"]
[WhiteElo "2272"]
[BlackElo "2531"]
[TimeControl "180+2"]
[EndTime "14:12:17 PST"]
[Termination "ASVZ won by resignation"]

1. e4 e5 2. Nf3 Nc6 3. Nc3 Nf6 4. Bb5 Bd6 5. O-O h6 6. b3 O-O 7. Bb2 Re8 8. Re1 Bc5 9. h3 d6 10. Bxc6 bxc6 11. d4 exd4 12. Nxd4 Bd7 13. Na4 Bxd4 14. Qxd4 c5 15. Qd3 Bxa4 16. bxa4 Rb8 17. Bc3 Nd7 18. f4 Qe7 19. Qg3 f6 20. Kh2 Qf7 21. Rad1 Qxa2 22. e5 fxe5 23. fxe5 Nxe5 24. Bxe5 dxe5 25. Rd7 g5 26. Rxe5 Qb2 27. c3 Qc1 28. Rxe8+ Rxe8 29. Qxc7 Qf4+ 30. Qxf4 gxf4 31. Rxa7 Re3 32.
Ra6 Kg7 33. Kg1 Rxc3 34. Kf2 Ra3 35. a5 c4 36. Ke2 Rg3 37. Kf2 Ra3 38. Ra8 c3 39. a6 c2 40. Rc8 Rxa6 41. Rxc2 Kg6 42. Rc5 Ra3 43. Rb5 h5 44. h4 Ra4 45. Rg5+ Kh6 46.
Kf3 Ra1 47. Kxf4 Ra4+ 48. Kg3 Ra3+ 49. Kh2 Ra4 50. Kh3 Ra3+ 51. g3 Ra1 52. Rb5 Rh1+ 53. Kg2 Ra1 54. Rb6+ Kg7 55. Kf2 Ra3 56. Rc6 Kh7 57. Re6 Kg7 58. Rc6 Kh7 59. Rd6 Kg7 60. Re6 Kh7 61. Re3 Ra4 62. Kf3 Kg6 63. Re4 Ra1 64.
Re6+ Kf5 65. Rh6 Ra3+ 66. Kg2 Kg4 67. Rg6+ Kf5 68. Rg5+ Kf6 69. Rxh5 Kg6 70. Rg5+ Kh6 71. Kh3 Ra1 72. Rb5 Kg6 73. Rb4 Ra3 74. Kg4 Kg7 75. h5 Ra1 76. Rb5 Rh1 77. Kg5 Kf7 78.
Rb7+ Ke6 79. h6 Ke5 80. Re7+ Kd6 81. Re2 Rg1 82. g4 Rh1 83. Kg6 1-0

[Event "*** Titled Tuesday Blitz"]
[Site "Chess.com"]
[Date "2019.01.01"]
[Round "5"]
[White "MehdiHosseinipour"]
[Black "GrigorGrigorov"]
[Result "1-0"]
[WhiteElo "2571"]
[BlackElo "2772"]
[TimeControl "180+2"]
[EndTime "14:12:18 PST"]
[Termination "MehdiHosseinipour won on time"]

1. e4 e6 2. d4 d5 3. Nd2 c5 4. exd5 exd5 5. Ngf3 Nc6 6. Be2 cxd4 7. O-O Nf6 8. Nb3 Be7 9. Nbxd4 O-O 10. h3 Ne4 11.
c3 Re8 12. Re1 Bd6 13. Bd3 a6 14. Bc2 Bc7 15. Nxc6 bxc6 16. Bxe4 dxe4 17. Qxd8 Bxd8 18. Nd4 Bd7 19. Bf4 a5 20. Rad1 a4 21. Nb5 cxb5 22. Rxd7 Bf6 23. a3 g5 24. Be3 Rad8 25. Red1 Rxd7 26.
Rxd7 Rd8 27. Rb7 Rd5 28. Kf1 h5 29. g4 hxg4 30. hxg4 Kg7 31. Ke2 Kg6 32. Rb6 Kg7 33. Rc6 Be5 34. Bxg5 f6 35. Be3 Kf7 36. Rb6 Ke7 37.
f3 exf3+ 38. Kxf3 Bc7 39. Rb7 Kd8 40. Bd4 Kc8 41. Ra7 Rd6 42. Ra8+ Kd7 43. Rf8 Bd8 44. Ke4 Re6+ 45. Kf5 Re2 46. Rf7+ Ke8 47. Rb7 Rxb2 48. Rb8 Kd7 49. c4 Rd2 50. Be3 Rd3 51. Ke4 Rxa3 52. cxb5 Rb3 53. Bd4 Bc7 54. Rb7 Kc8 55. Ra7 a3 56.
Kd5 Rb4 57. Bc5 Rxb5 58. Kc6 Rxc5+ 59. Kxc5 1-0

[Event "*** Titled Tuesday Blitz"]
[Site "Chess.com"]
[Date "2019.01.01"]
[Round "5"]
[White "HonzaVykouk"]
[Black "Matibar"]
[Result "1/2-1/2"]
[WhiteElo "2657"]
[BlackElo "2799"]
[TimeControl "180+2"]
[EndTime "14:12:20 PST"]
[Termination "Game drawn - insufficient material"]

1. e4 e6 2. d4 d5 3. Nd2 Be7 4. exd5 exd5 5. Bd3 Nc6 6. c3 Qd6 7. Ndf3 Bg4 8. Be3 O-O-O 9. Qd2 Nf6 10. O-O-O Ne4 11. Qc2 f5 12. Kb1 f4 13. Bc1 Rhf8 14. h3 Bf5 15. Ne2 g5 16. h4 h6 17. Rdf1 Qg6 18.
Ne1 a6 19. f3 Nd6 20. hxg5 hxg5 21. g3 fxg3 22. Nxg3 Bxd3 23. Nxd3 Nc4 24. f4 gxf4 25.
Nh5 Ne3 26. Nhxf4 Rxf4 27. Bxe3 Rxf1+ 28. Rxf1 Bd6 29. Nf4 Qxc2+ 30. Kxc2 Bxf4 31. Rxf4 Rg8 32. Rf2 Nd8 33. b3 Kd7 34. Kd3 c6 35. a4 Ke6 36.
c4 Nf7 37. Re2 Nd6 38. Rh2 Nf5 39. Bf4 Rg4 40. Be5 Re4 41. Rh7 Re3+ 42. Kc2 c5 43. cxd5+ Kxd5 44. Rxb7 cxd4 45. Bf6 Rf3 46. Bh8 Ke4 47.
b4 Rf2+ 48. Kb3 Rf3+ 49. Kb2 Rh3 50. Bf6 Nd6 51. Rd7 Nc4+ 52. Kc1 Rh1+ 53. Kc2 Ne3+ 54.
Kb3 Nf5 55. b5 axb5 56. axb5 Rb1+ 57. Ka4 d3 58. Bc3 Rc1 59. Bb4 Rc4 60. b6 Nd4 61. b7 Nc6 62. Kb5 Rxb4+ 63. Kxc6 Ke3 64. Rxd3+ Kxd3 65. Kc7 Rc4+ 66. Kd8 Rb4 67. Kc8 Kc4 68.
b8=Q Rxb8+ 69. Kxb8 1/2-1/2

[Event "*** Titled Tuesday Blitz"]
[Site "Chess.com"]
[Date "2019.01.01"]
[Round "5"]
[White "xamax2000"]
[Black "GadimbayliA"]
[Result "1/2-1/2"]
[WhiteElo "2531"]
[BlackElo "2768"]
[TimeControl "180+2"]
[EndTime "14:12:22 PST"]
[Termination "Game drawn - timeout vs insufficient material"]

1. e4 e6 2. d4 d5 3. Nc3 Bb4 4. e5 c5 5. a3 Bxc3+ 6. bxc3 Ne7 7. Qg4 Qc7 8. Qxg7 Rg8 9. Qxh7 cxd4 10. Qd3 Nbc6 11.
cxd4 Bd7 12. Ne2 a6 13. h4 Nf5 14. h5 Qa5+ 15. c3 Rc8 16. Bd2 Qa4 17. h6 Na5 18. h7 Rh8 19. g4 Bb5 20. Qb1 Ne7 21. Qb4 Ng6 22. Qxa4 Bxa4 23. Bg5 Nf8 24. Rb1 Rxh7 25. Rxh7 Nxh7 26. Bd2 b5 27. Ng3 Nc4 28. Bc1 Bc2 29. Ra1 Na5 30. Ra2 Bb3 31. Rb2 Bc4 32. Bd2 Bxf1 33.
Nxf1 Nc4 34. Ra2 Nf8 35. Ne3 Nxe3 36. fxe3 Rc4 37. Kd1 Nh7 38. Kc2 Ng5 39. Kb3 Ne4 40.
Be1 Kf8 41. a4 Kg7 42. axb5 axb5 43. Ra5 Rc8 44. Rxb5 Ra8 45. Kc2 Kg6 46. Bh4 Ra2+ 47. Rb2 Ra3 48. Rb3 Ra1 49. Rb8 Rh1 50. Be7 Rh2+ 51.
Kb3 Kh7 52. Bf6 Nxf6 53. exf6 Kg6 54. c4 dxc4+ 55. Kxc4 Kxf6 56. Rg8 Rd2 57. Kc3 Rg2 58. Kd3 Ke7 59. Ke4 f5+ 60. Kf3 Rg1 61. Kf2 Rxg4 62. Rxg4 fxg4 63. Kg3 e5 64. d5 e4 65. Kf4 Kd6 66. Kxe4 g3 67. Kf3 Kxd5 68. Kxg3 Ke4 69. Kf2 Ke5 70. Kf3 Kf5 1/2-1/2

[Event "*** Titled Tuesday Blitz"]
[Site "Chess.com"]
[Date "2019.01.01"]
[Round "5"]
[White "Tulipaz"]
[Black "andante"]
[Result "0-1"]
[WhiteElo "2467"]
[BlackElo "2300"]
[TimeControl "180+2"]
[EndTime "14:12:28 PST"]
[Termination "andante won by checkmate"]

1. e4 g6 2. Nf3 Bg7 3. d4 a6 4. Bd3 b5 5. O-O Bb7 6. Re1 Nf6 7. Nbd2 O-O 8. Nf1 d6 9. Ng3 c5 10. c3 Nc6 11. h3 cxd4 12. cxd4 Rc8 13. Be3 Nb4 14.
Bb1 Qc7 15. Re2 e5 16. d5 a5 17. a3 Na6 18. Bd3 Nc5 19. Rc1 Qb8 20. Bxc5 dxc5 21. Bxb5 Bxd5 22. a4 Be6 23. Rec2 Qb6 24. Qe1 h5 25. Ng5 Bb3 26. Rc3 c4 27. Bxc4 Bxc4 28. Rxc4 Rxc4 29. Rxc4 Qxb2 30. Qc1 Qxc1+ 31. Rxc1 h4 32.
Nf1 Bh6 33. Rc5 Bxg5 34. Rxe5 Bh6 35. Rxa5 Nxe4 36. f3 Nd2 37. Rd5 Nxf1 38. Kxf1 Rb8 39.
Rd4 Rb1+ 40. Ke2 Bg5 41. Rg4 Bf6 42. g3 hxg3 43. Rxg3 Ra1 44. Rg4 Kg7 45. h4 Be5 46. h5 Kf6 47. hxg6 fxg6 48. Rb4 Kf5 49. Rg4 Ra2+ 50.
Ke3 Ra3+ 51. Ke2 g5 52. Re4 Bf4 53. Rc4 Ke5 54. Rc5+ Kd4 55. Ra5 Ra2+ 56. Kd1 Ke3 57. Rb5 Kxf3 58. a5 g4 59. a6 Rxa6 60. Rb3+ Be3 61. Kc2 g3 62. Rb1 g2 63. Kd3 Rd6+ 64. Kc4 Rc6+ 65. Kd5 Rc1 66. Rxc1 Bxc1 67. Ke6 g1=Q 68.
Kf5 Qg4+ 69. Kf6 Qh5 70. Kg7 Ke4 71. Kf6 Kd5 72. Ke7 Qg6 73. Kf8 Qh7 74. Ke8 Ke6 75. Kd8 Qd7# 0-1

[Event "*** Titled Tuesday Blitz"]
[Site "Chess.com"]
[Date "2019.01.01"]
[Round "5"]
[White "Peroncio"]
[Black "MatyChess1"]
[Result "1-0"]
[WhiteElo "2634"]
[BlackElo "2488"]
[TimeControl "180+2"]
[EndTime "14:12:30 PST"]
[Termination "Peroncio won on time"]

1. e4 c5 2. Nc3 Nc6 3. Bb5 Nd4 4. Nf3 e6 5. O-O Qc7 6. Nxd4 cxd4 7. Ne2 Bc5 8. d3 Nf6 9. Ba4 Ng4 10. Bf4 Bd6 11. Qd2 Bxf4 12. Qxf4 Qxf4 13. Nxf4 a6 14. Ne2 e5 15. h3 Nh6 16. f4 f6 17. fxe5 fxe5 18. Bb3 d6 19. Bd5 Rb8 20. c3 dxc3 21. bxc3 Ke7 22. a4 b6 23. c4 Bd7 24. Nc3 Rhf8 25. Rfb1 Kd8 26. Rb2 Kc7 27. Rab1 a5 28. Rd2 g5 29. d4 exd4 30. Rxd4 g4 31. h4 g3 32. Rd3 Ng4 33. Rxg3 h5 34. Nb5+ Bxb5 35. cxb5 Kd8 36.
Rc1 Rf4 37. Rc6 Kd7 38. Rgc3 Ke7 39. Rc7+ Kf6 40. Rf7+ Ke5 41. Rxf4 Kxf4 42. Rf3+ Ke5 43. Rf5+ Kd4 44. Rxh5 Nf6 45. Rf5 Nxe4 46. Bc6 Nc3 47. h5 Rh8 48. g4 Nxa4 49. Rd5+ Kc3 50. Rxd6 Nc5 51. Bd5 a4 52. Rxb6 Kd4 53. Bf7 Rf8 54. Rd6+ Ke3 55. Bd5 Nd3 56. h6 Nf4 57. h7 Rh8 58.
Bg8 1-0

[Event "*** Titled Tuesday Blitz"]
[Site "Chess.com"]
[Date "2019.01.01"]
[Round "5"]
[White "Blackmind96"]
[Black "afgano29"]
[Result "0-1"]
[WhiteElo "2618"]
[BlackElo "2654"]
[TimeControl "180+2"]
[EndTime "14:12:32 PST"]
[Termination "afgano29 won by resignation"]

1. e4 c5 2. Nf3 Nc6 3. d4 cxd4 4.
Nxd4 e5 5. Nf3 Nf6 6. Nc3 Bb4 7. Bd2 Bxc3 8. Bxc3 Nxe4 9. Bc4 Nxc3 10. bxc3 O-O 11.
O-O d6 12. Rb1 Ne7 13. Bb3 Qc7 14. Re1 Qxc3 15. Qxd6 Ng6 16. Nxe5 Nxe5 17. Qxe5 Qc6 18. Qe7 Qd7 19. Qxd7 Bxd7 20. Bd5 Bc6 21. Bxc6 bxc6 22. Rb7 Rfb8 23. Ree7 Rxb7 24. Rxb7 g6 25. f3 a5 26. Rb6 Rd8 27. Rxc6 Rd2 28. Rc5 a4 29. Ra5 Rxc2 30. Rxa4 h5 31. h4 Kg7 32. Kh2 f6 33. Ra7+ Kh6 34. a4 g5 35. Kg3 gxh4+ 36. Kh3 Kg5 37. Ra8 Ra2 38. a5 Ra1 39. Kh2 Kf4 40. Rb8 Rxa5 41. Rb4+ Kg5 42. Kh3 Ra1 43. Kh2 f5 44. Rb8 Rd1 45. Rh8 Re1 46. Rb8 Rd1 47.
Rh8 Rd4 48. Rg8+ Kf4 49. Ra8 Ke3 50. Kh3 Rd2 51. Rh8 Rd1 52. Kxh4 Kf4 53. g3+ Kxf3 54. Kg5 Kxg3 55. Kxf5 h4 56. Rg8+ Kh2 57. Kf4 h3 58.
Kf3 Rg1 59. Ra8 Rf1+ 60. Ke2 Rf7 61. Rg8 Rf5 62. Ke1 Rf3 63. Ke2 Rg3 64. Rf8 Rg2+ 65.
Kf1 Rg5 66. Rf2+ Kg3 67. Rf8 h2 68. Rh8 Rf5+ 69. Ke2 Rf4 0-1

[Event "*** Titled Tuesday Blitz"]
[Site "Chess.com"]
[Date "2019.01.01"]
[Round "5"]
[White "kjzsdu"]
[Black "BlackBoarder"]
[Result "0-1"]
[WhiteElo "2526"]
[BlackElo "2566"]
[TimeControl "180+2"]
[EndTime "14:12:32 PST"]
[Termination "BlackBoarder won by resignation"]

1. e4 e6 2. d4 d5 3. Nc3 Bb4 4. Bd2 dxe4 5. Qg4 Nf6 6. Qxg7 Rg8 7. Qh6 Qxd4 8. O-O-O Bf8 9. Qh4 Rg4 10. Qh3 Qxf2 11. Be2 Rh4 12. Qxh4 Qxh4 13. g3 Qh6 14.
Bxh6 Bxh6+ 15. Kb1 a6 16. Nh3 b5 17. Rhf1 Ke7 18.
g4 b4 19. g5 Bxg5 20. Nxg5 bxc3 21. bxc3 Nbd7 22. Rf4 Bb7 23. c4 Bc6 24. h4 h6 25. Nh3 Rg8 26. Rdf1 Rg3 27. Ng1 Re3 28. Bd1 Rc3 29. Be2 Re3 30. Kb2 a5 31. Bd1 a4 32.
Ne2 a3+ 33. Kc1 Rh3 34. Ng1 Rh2 35. Ne2 e3 36. Nc3 Rh3 37. Be2 Bg2 38. Rg1 Bc6 39. Rgf1 Rg3 40. Kd1 Rh3 41. Nb1 Rg3 42. Nxa3 Rg7 43.
Nb1 Ne4 44. Rxe4 Bxe4 45. Nc3 Bc6 46. a4 f5 47. a5 Nc5 48. Bf3 Kd6 49. Nb5+ Kd7 50.
Ke2 Rg3 51. Nd4 Bxf3+ 52. Rxf3 Rxf3 53. Kxf3 Kc8 54. Kxe3 Kb7 55. Nb3 Nxb3 56. cxb3 c5 57. b4 cxb4 58. Kd4 f4 59. c5 f3 60. Ke3 b3 0-1

[Event "*** Titled Tuesday Blitz"]
[Site "Chess.com"]
[Date "2019.01.01"]
[Round "5"]
[White "Mr_Penings"]
[Black "WPWPWP-2015"]
[Result "0-1"]
[WhiteElo "2508"]
[BlackElo "2286"]
[TimeControl "180+2"]
[EndTime "14:12:45 PST"]
[Termination "WPWPWP-2015 won by resignation"]

1. c4 e5 2. g3 Nf6 3. Bg2 Nc6 4. Nc3 Bb4 5. Nf3 O-O 6. O-O Re8 7. d3 h6 8. Bd2 a5 9. a3 Bf8 10. Nd5 d6 11. b4 axb4 12. axb4 Rxa1 13. Qxa1 Nxd5 14.
cxd5 Ne7 15. Qa5 b6 16. Qb5 Bd7 17. Qc4 Qb8 18. Rc1 Rc8 19. b5 Qb7 20. Ne1 Nf5 21. Nc2 g6 22. e3 Bg7 23. Nb4 h5 24. Ra1 Bf6 25. Nc6 Ra8 26. Ra6 Bc8 27. Ra4 Rxa4 28. Qxa4 Ne7 29. Bc3 Nxc6 30. dxc6 Qb8 31. f4 Be6 32. e4 Qd8 33. Qa7 Kg7 34. Kf2 h4 35. Bd2 hxg3+ 36. hxg3 exf4 37. Bxf4 Bd4+ 38. Kf1 Qf6 39. Qxc7 g5 40. Qxd6 gxf4 41. Qxf4 Be5 42. Qxf6+ Kxf6 43. Ke2 Bd4 44. Kf3 Ke5 45. g4 f6 46. Bh3 Bc3 47. Kg3 Be1+ 48. Kg2 Kd6 49. Kf3 Bd2 50. d4 Bc8 51. Ke2 Bg5 52. Kd3 Be6 53.
Ke2 Bc4+ 54. Kf3 Bxb5 55. d5 Ba4 56. Ke2 Bc2 57. Bg2 b5 58. Bf1 Bxe4 59. Kd1 b4 60. Bc4 Bf3+ 61. Kc2 Bxg4 62. Kb3 Bd2 63. Kc2 Bc3 64. Kd3 f5 65. Ke3 Be5 66. Bb3 f4+ 67. Ke4 f3 68. Ke3 Bg3 69. Bc4 f2 70. Bd3 b3 71.
Kd2 b2 72. Kc2 Bf5 0-1